 Dungeon Crawl Stone Soup version 0.32-a0-738-g1a05c61809 (webtiles) character file.

Game seed: 6986637421911000094

13 Nvm9 the Trooper (level 2, -1/24 HPs)
             Began as a Demonspawn Fighter on Mar 17, 2024.
             Slain by a goblin
             ... wielding a +0 club
             ... led by Robin
              (4 damage)
             ... on level 2 of the Dungeon.
             The game lasted 00:00:40 (145 turns).

Nvm9 the Trooper (Demonspawn Fighter)                Turns: 145, Time: 00:00:41

Health: -1/24      AC:  6    Str: 16    XL:     2   Next: 24%
Magic:  2/2        EV:  7    Int:  8    God:
Gold:   0          SH:  4    Dex: 14    Spells: 1/1 levels left

rFire   . . .        a - +0 war axe
rCold   . . .        c - +0 buckler
rNeg    . . .        b - +0 scale mail
rPois   .            (no helmet)
rElec   .            (no cloak)
rCorr   .            (no gloves)
SInv    .            (no boots)
Will    .....        (no amulet)
Stlth   +            (no ring)
HPRegen 0.24/turn    (no ring)
MPRegen 0.08/turn

%: no passive effects
@: no status effects
A: thin skeletal structure 1
a: no special abilities


You were on level 2 of the Dungeon.
You visited 1 branch of the dungeon, and saw 2 of its levels.

Inventory:

Hand Weapons
 a - a +0 war axe (weapon)
Armour
 b - a +0 scale mail (worn)
 c - a +0 buckler (worn)
Scrolls
 e - a scroll of identify {unknown}
Potions
 d - a potion of might


   Skills:
 + Level 3.1 Fighting
 + Level 1.9 Axes
 + Level 3.0 Armour
 + Level 2.8 Shields


You had one spell level left.
You didn't know any spells.
Your spell library contained the following spells:

 Spells                   Type           Power      Damage    Failure   Level
 Malign Gateway           Summ/Tloc      0%         N/A       100%        7
 Summon Horrible Things   Summ           0%         N/A       100%        8


Dungeon Overview and Level Annotations

Branches:
Dungeon (1/15)

Altars:

Annotations:
D:2 Robin


Innate Abilities, Weirdness & Mutations

You have a somewhat thin skeletal structure. (Dex +2, Stealth+)


Message History

You hit the goblin.
You kill the goblin!
You barely miss the goblin. The goblin barely misses you.
The goblin throws a boomerang.
You block the boomerang. The goblin barely misses you.
Robin throws the goblin at you! You block the endoplasm's attack.
Your Armour skill increases to level 3!
You hit the endoplasm but do no damage. You slash the goblin!
You kill the goblin!
You slash the goblin!
You kill the goblin!
A kobold comes into view. It is wielding a +0 short sword.
The goblin throws a boomerang.
The boomerang hits you. The endoplasm freezes you.
You are frozen.
You hit the endoplasm.
The endoplasm is lightly wounded.
Robin throws the goblin at you! The endoplasm freezes you.
You are frozen.
The goblin hits you but does no damage. The goblin barely misses you.
The goblin hits you with a +1 dagger of venom.
* * * LOW HITPOINT WARNING * * *
The endoplasm freezes you.
You are frozen.
* * * LOW HITPOINT WARNING * * *
A goblin comes into view. It is wielding a +0 club.
The goblin closely misses you.
You are too injured to fight recklessly!
Unknown command.
You are too injured to fight recklessly!
Unknown command.
The goblin hits you but does no damage. The goblin attacks as it pursues you!
The goblin hits you with a +0 club.
* * * LOW HITPOINT WARNING * * *
The goblin no longer looks unusually strong.
The goblin no longer looks unusually strong.
The goblin attacks as it pursues you! The goblin hits you but does no damage.
The goblin attacks as it pursues you! The goblin hits you with a +0 club.
You die...

#.# ..# #.###### #.# #......#
#.# #########.###'##
........#......########
#######.#......'.......
[...#.#.##.....##############
............<...@g.g.JS.gg.g#
###.#.#.###################.#
#.#.# .......)).... # #.#
.......g..... #.#
..#####S##### #.# g.. #.# ..#
..# ..' g..#


You could see an adder, an endoplasm and 2 goblins.

Vanquished Creatures
  A dart slug (D:2)
  An endoplasm (D:2)
  6 goblins (D:2)
  A hobgoblin (D:2)
  A kobold (D:2)
  A rat (D:2)
11 creatures vanquished.

Notes
Turn   | Place    | Note
-------+----------+-------------------------------------------
     0 | D:1      | Nvm9 the Demonspawn Fighter began the quest for the Orb.
     0 | D:1      | Reached XP level 1. HP: 18/18 MP: 1/1
    20 | D:1      | You fall into a shaft and drop 1 floor!
   129 | D:2      | Identified the +0 helmet of Autotheism {Dex+4}
   129 | D:2      | Noticed Robin
   131 | D:2      | Gained mutation: You have a somewhat thin skeletal
                  | structure. (Dex +2, Stealth+) [demonic ancestry]
   131 | D:2      | Reached XP level 2. HP: 21/24 MP: 2/2
   139 | D:2      | HP: 1/24 [goblin/+0 club[Robin] (6)]
   145 | D:2      | Slain by a goblin

Illustrated notes

Levels and vault maps discovered:
D:1:      eino_arrival_water_star, layout_loops_ring, patterned_corridor
D:2:      layout_basic, basic_altar, columned_hall_lemuel,
          minmay_stone_trees_small, uniq_jessica, uniq_robin

Skill      XL: |  1  2 |
---------------+-------+-----
Armour         | 3 |  3.0
Fighting       | |  3.1
Axes           | |  1.9
Shields        | |  2.8

Action                     || total
---------------------------++-------
  Melee: War axe           ||    16
 Armour: Scale mail        ||    18
  Dodge: Dodged            ||     8
  Block: Buckler           ||     6

Table legend: (Time is in decaauts)
 A = Elapsed time spent in this place.
 B = Non-inter-level travel time spent in this place.
 C = Inter-level travel time spent in this place.
 D = Time resting spent in this place.
 E = Time spent auto-exploring this place.
 F = Levels seen in this place.
 G = Mean time per level.
                   A        B        C        D        E       F      G
               +--------+--------+--------+--------+--------+-----+--------+
         Total |    152 |    152 |      0 |      0 |     94 |   2 |   76.0 |
       Dungeon |    152 |    152 |      0 |      0 |     94 |   2 |   76.0 |
               +--------+--------+--------+--------+--------+-----+--------+

Top non-repeatable levels by time:
     D:2: 132 daAuts
     D:1: 20 daAuts
